 Dungeon Crawl Stone Soup version 0.22.0-60-ga52c2fc (webtiles) character file.

112612 Tarasboulda the Severer (level 16, -3/141 HPs)
             Began as a Minotaur Fighter on Sept 10, 2018.
             Was the Champion of Okawaru.
             Slain by a wolf spider (19 damage)
             ... on level 3 of the Spider Nest.
             The game lasted 01:31:33 (22018 turns).

Tarasboulda the Severer (Minotaur Fighter)         Turns: 22018, Time: 01:31:34

Health: -3/141     AC: 34    Str: 28    XL:     16   Next: 12%
Magic:  15/15      EV: 10    Int:  8    God:    Okawaru [******]
Gold:   1807       SH: 11    Dex: 18    Spells: 15/15 levels left

rFire    + . .     SeeInvis .   L - +2 broad axe (flame)
rCold    + . .     Gourm    .   E - +2 buckler of Tiek {Dex+3}
rNeg     + . .     Faith    .   m - +8 crystal plate armour of Ugaivamy {rC+}
rPois    +         Spirit   .   N - +0 hat {Int+3}
rElec    .         Reflect  .   r - +0 cloak
rCorr    .         Harm     .   z - +0 pair of gloves
MR       .....                  (no boots)
Stlth    ..........             w - amulet "Riareer" {RegenMP rPois rF+ rN+ MR- Slay+3}
HPRegen  0.33/turn              A - +3 ring of strength
MPRegen  0.39/turn              l - ring of Emareihi {Dex+2 Slay+2}

@: about to teleport, heroism, corroded, very slow
A: retaliatory headbutt, horns 2
a: Heroism, Finesse, Renounce Religion


You were on level 3 of the Spider Nest.
You worshipped Okawaru.
Okawaru was exalted by your worship.
You were not hungry.

You visited 4 branches of the dungeon, and saw 21 of its levels.
You also visited: Volcano.

You collected 1807 gold pieces.

Inventory:

Hand Weapons
 s - a +4 battleaxe of freezing
 K - a +0 war axe of holy wrath
 L - a +2 broad axe of flaming (weapon)
Missiles
 t - a throwing net
 P - 17 javelins (quivered)
Armour
 c - a +0 shield
 m - the +8 crystal plate armour of Ugaivamy (worn) {rC+}
   (Okawaru gifted it to you on level 1 of the Lair of Beasts)

   It protects you from cold.
 r - a +0 cloak (worn)
 z - a +0 pair of gloves (worn)
 E - the +2 buckler of Tiek (worn) {Dex+3}
   (Okawaru gifted it to you on level 6 of the Lair of Beasts)

   It affects your dexterity (+3).
 G - a +2 plate armour of fire resistance
 N - a +0 hat of intelligence (worn)
Jewellery
 g - an uncursed ring of resist corrosion
 l - the ring of Emareihi (right hand) {Dex+2 Slay+2}
   (You acquired it on level 6 of the Lair of Beasts)

   [ring of dexterity]

   It affects your dexterity (+2).
   It affects your accuracy and damage with ranged weapons and melee attacks
   (+2).
 u - an uncursed ring of positive energy
 w - the amulet "Riareer" (around neck) {RegenMP rPois rF+ rN+ MR- Slay+3}
   (You acquired it on level 6 of the Lair of Beasts)

   [amulet of magic regeneration]

   It increases your magic regeneration.
   It affects your accuracy and damage with ranged weapons and melee attacks
   (+3).
   It protects you from fire.
   It protects you from poison.
   It protects you from negative energy.
   It affects your resistance to hostile enchantments.
 A - a +3 ring of strength (left hand)
 R - the ring of Xom's Benevolence {+Inv +Fly Int+3}
   (You found it on level 9 of the Dungeon)

   [ring of flight]

   It affects your intelligence (+3).
   It lets you turn invisible.
   It lets you fly.
 Z - an uncursed amulet of rage
Wands
 a - a wand of polymorph (6)
 D - a wand of acid (20)
 F - a wand of iceblast (16)
 J - a wand of disintegration (10)
 M - a wand of clouds (6)
 Y - a wand of enslavement (9)
Scrolls
 e - 7 scrolls of teleportation
 i - a scroll of fog
 j - a scroll of holy word
 k - 3 scrolls of magic mapping
 n - 4 scrolls of remove curse
 p - 2 scrolls of identify
 q - 5 scrolls of enchant armour
 y - 2 scrolls of fear
 I - a scroll of summoning
 O - 3 scrolls of enchant weapon
 T - 2 scrolls of immolation
 U - 2 scrolls of blinking
Potions
 b - 4 potions of might
 d - 2 potions of brilliance
 h - 4 potions of haste
 o - 4 potions of ambrosia
 x - 10 potions of curing
 B - 2 potions of berserk rage
 C - 2 potions of agility
 H - a potion of magic
 Q - 2 potions of flight
 W - 2 potions of cancellation
 X - 2 potions of resistance
Miscellaneous
 v - a lamp of fire
 S - a lightning rod (4/4)
Comestibles
 f - 34 rations


   Skills:
 + Level 12.7(17.7) Fighting
   Level 5.6(10.6) Long Blades
 + Level 19.1(24.2) Axes
   Level 3.8(18.4) Polearms
   Level 4.9(9.9) Bows
 + Level 8.0(13.0) Throwing
 * Level 14.9(19.9) Armour
 + Level 12.8(17.8) Shields


You had 15 spell levels left.
You didn't know any spells.
Your spell library contained the following spells:

 Spells                   Type           Power        Failure   Level  Hunger
 Animate Skeleton         Necr           N/A          99%         1    ##.....
 Apportation              Tloc           #.....       99%         1    ##.....
 Confusing Touch          Hex            #.....       99%         1    ##.....
 Corona                   Hex            #......      99%         1    ##.....
 Flame Tongue             Conj/Fire      #....        99%         1    ##.....
 Summon Small Mammal      Summ           #...         99%         1    ##.....
 Ensorcelled Hibernation  Hex/Ice        #.....       100%        2    ###....
 Throw Flame              Conj/Fire      #.....       100%        2    ###....
 Confuse                  Hex            #.......     100%        3    ####...
 Conjure Flame            Conj/Fire      #.......     100%        3    ####...
 Dazzling Spray           Conj/Hex       #.....       100%        3    ####...
 Gell's Gravitas          Tloc           #.........   100%        3    ####...
 Inner Flame              Hex/Fire       #.......     100%        3    ####...
 Tukima's Dance           Hex            #.......     100%        3    ####...
 Petrify                  Tmut/Erth      #.......     100%        4    #####..
 Sticky Flame             Conj/Fire      #.......     100%        4    #####..
 Summon Lightning Spire   Summ/Air       #.......     100%        4    #####..
 Fireball                 Conj/Fire      #.........   100%        5    ######.
 Irradiate                Conj/Tmut      #.........   100%        5    ######.
 Metabolic Englaciation   Hex/Ice        #.........   100%        5    ######.
 Silence                  Hex/Air        #.........   100%        5    ######.
 Yara's Violent Unravell  Hex/Tmut       #.........   100%        5    ######.
 Conjure Ball Lightning   Conj/Air       #.........   100%        6    #######
 Deflect Missiles         Chrm/Air       #.........   100%        6    #######
 Hydra Form               Tmut           #.........   100%        6    #######
 Statue Form              Tmut/Erth      #........    100%        6    #######
 Dragon Form              Tmut           #.........   100%        7    #######
 Tornado                  Air            #.........   100%        9    #######


Dungeon Overview and Level Annotations

Branches:
Dungeon (11/15)            Temple (1/1) D:6            Lair (6/6) D:8
 Shoals (0/4) Lair:2       Spider (3/4) Lair:2        Slime (0/5) Lair:5
    Orc: D:9-12

Altars:
Ashenzari
Cheibriados
Dithmenos
Elyvilon
Fedhas
Gozag
Hepliaklqana
Kikubaaqudgha
Makhleb
Nemelex Xobeh
Okawaru
Qazlal
Ru
Sif Muna
Trog
Uskayaw
Vehumet
Wu Jian
Xom
Yredelemnul
Zin
The Shining One
Jiyva

Annotations:
D:7 Harold
Lair:5 1 runed door, Akransas's ghost, journeyman HuBe


Innate Abilities, Weirdness & Mutations

You reflexively headbutt those who attack you in melee.
You have a pair of horns on your head.


Message History

The tyrant leech bites you!
The tyrant leech draws strength from your injuries!
You block the tyrant leech's attack.
A tyrant leech comes into view.
The wolf spider hits you!!
* * * LOW HITPOINT WARNING * * *
The wolf spider bites you!
* * * LOW HITPOINT WARNING * * *
The moth of wrath goads the tyrant leech on!
The tyrant leech goes berserk!
You feel much better.
The spark wasp stings you but does no damage.
The wolf spider hits you but does no damage.
You block the wolf spider's attack. The tyrant leech bites you!!
* * * LOW HITPOINT WARNING * * *
The tyrant leech draws strength from your injuries!
The tyrant leech bites you but does no damage. x2
The spark wasp stings you but does no damage.
The wolf spider hits you!!
You die...

≈........ ≈≈≈..#...
#≈≈≈..... ^
#P≈≈..... .≈
≈≈≈≈..... #≈≈
#≈≈≈.....
#≈≈≈#######≈≈≈.....
#≈≈≈≈≈≈≈yw≈≈.?....
#≈≈≈w@s≈........
#.##wwy#.....##.
##.......##
#^........###
###....^### ##....#
######


You could see a spark wasp, 4 tyrant leeches, a wolf spider (berserk) and a moth
of wrath.

Vanquished Creatures
  Gastronok (Lair:2)
  A ghost moth (Spider:1)
  2 emperor scorpions
  2 entropy weavers
  Josephine (Lair:6)
  Snorg (Lair:5)
  5 hydras
  A two-headed ogre (D:9)
  5 death yaks (Lair:6)
  Urug (Lair:4)
  A fire crab (Lair:6)
  3 skeletal warriors
  2 anaconda skeletons (Volcano)
  4 wolf spiders
  An oklob plant (Lair:1)
  5 orb spiders
  A moth of wrath (Spider:1)
  6 elephants
  2 merfolk sirens (Lair:2)
  8 black mambas
  A guardian serpent (Lair:6)
  18 spiny frogs
  5 gargoyles (Volcano)
  5 torpor snails
  2 rime drakes
  5 komodo dragons
  2 demonic crawlers (Spider:2)
  A troll (D:10)
  A queen bee (D:10)
  4 hornets
  10 polar bears
  Grinder (D:5)
  6 jumping spiders
  2 merfolk (Lair:2)
  3 raiju (Lair:6)
  9 tyrant leeches
  2 harpy skeletons (Volcano)
  9 hippogriffs
  9 dream sheep (Lair:5)
  15 blink frogs
  3 flying skulls (Volcano)
  2 alligator skeletons (Volcano)
  12 wyverns
  26 yaks
  48 redbacks
  A steam dragon (Lair:3)
  9 tarantellas
  Eustachio (D:4)
  5 wraiths (Lair:6)
  3 basilisks
  6 wargs (Lair:6)
  3 swamp worms (Spider:3)
  12 hell hounds (Lair:6)
  6 porcupines
  15 water moccasins
  3 orc warriors
  2 sky beasts
  11 black bears (Lair:6)
  A necrophage (D:5)
  18 wolves (Lair:6)
  An ogre (D:6)
  4 centaurs
  12 crocodiles
  Blork the orc (D:4)
  10 bullfrogs
  A water moccasin zombie (D:7)
  A scorpion (D:6)
  15 killer bees
  3 spriggan skeletons (Volcano)
  2 troll skeletons (Volcano)
  4 wights (D:9)
  3 crimson imps
  2 bullfrog zombies
  2 howler monkeys
  2 jellies
  A centaur zombie (D:9)
  A quasit (D:5)
  3 orc priests
  A gnoll shaman (D:10)
  2 iguanas
  4 orc wizards
  8 worker ants
  A hound zombie (D:5)
  2 worker ant zombies
  Robin (D:2)
  8 gnolls
  8 adders
  A shadow imp (D:7)
  2 oozes
  An adder skeleton (D:6)
  4 worms
  10 dart slugs
  4 leopard geckos
  28 orcs
  5 giant cockroaches
  16 goblins
  7 hobgoblins
  15 jackals
  15 kobolds
  5 quokkas
  2 ball pythons
  4 bats
  5 frilled lizards
  A leopard gecko skeleton (D:4)
  7 rats
  A spectral orc (D:4)
  A fungus (Lair:5)
  3 plants
590 creatures vanquished.

Vanquished Creatures (others)
  An orb spider (Spider:2)
  A tarantella (Spider:1)
  21 fungi
  41 plants
64 creatures vanquished.

Grand Total: 654 creatures vanquished

Notes
Turn   | Place    | Note
-------+----------+-------------------------------------------
     0 | D:1      | Tarasboulda the Minotaur Fighter began the quest for the
                  | Orb.
     0 | D:1      | Reached XP level 1. HP: 19/19 MP: 0/0
    48 | D:1      | Reached XP level 2. HP: 21/27 MP: 1/1
   387 | D:1      | Reached XP level 3. HP: 31/33 MP: 2/2
   736 | D:2      | Found a sparkling altar of Nemelex Xobeh.
   736 | D:2      | Found a snail-covered altar of Cheibriados.
   793 | D:2      | Found a glowing golden altar of the Shining One.
   798 | D:2      | Found a glowing silver altar of Zin.
   799 | D:2      | Found a white marble altar of Elyvilon.
  1171 | D:2      | Reached XP level 4. HP: 40/40 MP: 3/3
  1209 | D:2      | Noticed Robin
  1218 | D:2      | Killed Robin
  1658 | D:3      | Reached XP level 5. HP: 33/47 MP: 4/4
  2073 | D:4      | Noticed Eustachio
  2102 | D:4      | Killed Eustachio
  2102 | D:4      | Reached skill level 5 in Fighting
  2102 | D:4      | Reached skill level 5 in Long Blades
  2102 | D:4      | Reached skill level 5 in Armour
  2102 | D:4      | Reached skill level 5 in Shields
  2102 | D:4      | Reached XP level 6. HP: 5/56 MP: 5/5
  2673 | D:4      | Noticed Blork the orc
  2686 | D:4      | Killed Blork the orc
  3483 | D:4      | Found a basalt altar of Yredelemnul.
  3840 | D:5      | Entered Level 5 of the Dungeon
  3873 | D:5      | Reached skill level 1 in Axes
  3885 | D:5      | Noticed Grinder
  3889 | D:5      | Paralysed by Grinder for 6 turns
  3905 | D:5      | Paralysed by Grinder for 4 turns
  4286 | D:5      | Reached XP level 7. HP: 39/61 MP: 6/6
  4492 | D:5      | Reached skill level 2 in Axes
  4651 | D:5      | Paralysed by Grinder for 3 turns
  4674 | D:5      | Killed Grinder
  4674 | D:5      | Reached skill level 3 in Axes
  5025 | D:5      | Reached skill level 4 in Axes
  5085 | D:6      | Found a glowing silver altar of Zin.
  5130 | D:6      | Found a staircase to the Ecumenical Temple.
  5191 | Temple   | Entered the Ecumenical Temple
  5522 | D:6      | Reached XP level 8. HP: 40/70 MP: 7/7
  5772 | D:6      | Found a shattered altar of Ashenzari.
  5772 | D:6      | Found a radiant altar of Vehumet.
  5786 | D:6      | Reached skill level 5 in Axes
  5795 | D:6      | Found a blossoming altar of Fedhas.
  5795 | D:6      | Found an iron altar of Okawaru.
  5807 | D:6      | Became a worshipper of Warmaster Okawaru
  6983 | D:7      | Reached skill level 6 in Axes
  7393 | D:7      | Noticed Harold
  7832 | D:8      | Noticed a hippogriff
  7832 | D:8      | Reached * piety under Okawaru
  7895 | D:7      | Reached skill level 7 in Axes
  7895 | D:7      | Reached XP level 9. HP: 26/79 MP: 5/8
  8575 | D:7      | Reached ** piety under Okawaru
  8575 | D:7      | Reached skill level 8 in Axes
  9559 | D:8      | Found a staircase to the Lair.
 10042 | D:9      | Reached skill level 9 in Axes
 10093 | D:9      | Reached skill level 1 in Polearms
 10201 | D:9      | Found the +4 robe of Augmentation {Str+4 Int+4 Dex+4}
 10260 | D:9      | Got a glittering bone ring
 10267 | D:9      | Identified the ring of Xom's Benevolence {+Inv +Fly Int+3}
                  | (You found it on level 9 of the Dungeon)
 10322 | D:9      | Found an opulent altar of Gozag.
 10377 | D:9      | Reached *** piety under Okawaru
 10377 | D:9      | Reached XP level 10. HP: 74/89 MP: 9/9
 10438 | D:9      | Reached skill level 1 in Bows
 10605 | D:9      | Reached **** piety under Okawaru
 10652 | D:9      | Noticed a two-headed ogre
 10710 | D:9      | Killed a two-headed ogre
 10710 | D:9      | Reached skill level 10 in Axes
 10938 | D:10     | Entered Level 10 of the Dungeon
 11200 | D:10     | Reached ***** piety under Okawaru
 11462 | D:10     | Received a gift from Okawaru
 11966 | D:11     | Noticed a skeletal warrior
 11966 | D:11     | Noticed a skeletal warrior
 11985 | D:11     | Noticed a skeletal warrior
 12002 | D:10     | Killed a skeletal warrior
 12002 | D:10     | Reached skill level 1 in Throwing
 12002 | D:10     | Reached XP level 11. HP: 64/97 MP: 8/10
 12145 | Lair:1   | Entered Level 1 of the Lair of Beasts
 12199 | D:8      | Reached skill level 11 in Axes
 12354 | Lair:1   | Received a gift from Okawaru
 12361 | Lair:1   | Got an encrusted crystal plate armour {god gift}
 12373 | Lair:1   | Identified the +8 crystal plate armour of Ugaivamy {rC+}
                  | (Okawaru gifted it to you on level 1 of the Lair of Beasts)
 12651 | Lair:1   | Reached skill level 10 in Armour
 12651 | Lair:1   | Reached skill level 10 in Shields
 12659 | Lair:1   | Found an ancient bone altar of Kikubaaqudgha.
 12659 | Lair:1   | Noticed an oklob plant
 12895 | Lair:1   | Reached skill level 10 in Fighting
 13139 | Lair:1   | Killed an oklob plant
 13250 | Lair:2   | Noticed Gastronok
 13342 | Lair:2   | Reached skill level 12 in Axes
 13395 | Lair:2   | Found a dark tunnel.
 13405 | Volcano  | Entered a volcano
 13477 | Volcano  | Reached skill level 5 in Throwing
 13486 | Volcano  | Reached XP level 12. HP: 93/106 MP: 11/11
 13974 | Lair:2   | Reached ****** piety under Okawaru
 14040 | Lair:2   | Found a hole to the Spider Nest.
 14054 | Lair:2   | Received a gift from Okawaru
 14054 | Lair:2   | Reached skill level 13 in Axes
 14342 | Lair:2   | Reached skill level 14 in Axes
 14494 | Lair:2   | Killed Gastronok
 14586 | Lair:2   | Found a staircase to the Shoals.
 14785 | Lair:3   | Noticed a six-headed hydra
 14795 | Lair:3   | Killed a two-headed hydra
 14795 | Lair:3   | Reached skill level 15 in Axes
 14896 | Lair:3   | You fall through a shaft for 2 floors!
 14905 | Lair:5   | Found a viscous altar of Jiyva.
 14919 | Lair:5   | Found a staircase to the Slime Pits.
 14938 | Lair:5   | Noticed a five-headed hydra
 14948 | Lair:5   | Killed a one-headed hydra
 14948 | Lair:5   | Reached XP level 13. HP: 101/114 MP: 12/12
 14997 | Lair:4   | Noticed Urug
 15015 | Lair:4   | Killed Urug
 15309 | Lair:4   | Reached skill level 16 in Axes
 17012 | Lair:5   | Received a gift from Okawaru
 17012 | Lair:5   | Reached skill level 17 in Axes
 17072 | Lair:5   | Noticed Akransas's ghost (journeyman HuBe)
 17075 | Lair:5   | Found a runed door.
 17348 | Lair:5   | Noticed Snorg
 17364 | Lair:5   | Killed Snorg
 17738 | Lair:6   | Entered Level 6 of the Lair of Beasts
 17774 | Lair:6   | Received a gift from Okawaru
 17774 | Lair:6   | Reached skill level 18 in Axes
 18010 | Lair:6   | Identified a scroll of acquirement
 18020 | Lair:6   | Got a translucent lead amulet
 18022 | Lair:6   | Identified the amulet "Riareer" {RegenMP rPois rF+ rN+ MR-
                  | Slay+3} (You acquired it on level 6 of the Lair of Beasts)
 18263 | Lair:6   | Reached XP level 14. HP: 117/122 MP: 13/13
 18662 | Lair:6   | Received a gift from Okawaru
 18894 | Lair:6   | Received a gift from Okawaru
 18903 | Lair:6   | Got a scorched buckler {god gift}
 18914 | Lair:6   | Identified the +2 buckler of Tiek {Dex+3} (Okawaru gifted
                  | it to you on level 6 of the Lair of Beasts)
 19032 | Lair:6   | Noticed Josephine
 19053 | Lair:6   | Killed Josephine
 19295 | Lair:6   | Got a scorched bronze ring
 19297 | Lair:6   | Identified the ring of Emareihi {Dex+2 Slay+2} (You
                  | acquired it on level 6 of the Lair of Beasts)
 19470 | Spider:1 | Entered Level 1 of the Spider Nest
 19479 | Spider:1 | Reached XP level 15. HP: 119/132 MP: 14/14
 20394 | Spider:1 | Killed a ghost moth
 20687 | Spider:2 | Reached skill level 19 in Axes
 21077 | Spider:2 | Received a gift from Okawaru
 21383 | Spider:2 | Reached XP level 16. HP: 83/141 MP: 15/15
 21647 | Spider:3 | Received a gift from Okawaru
 22018 | Spider:3 | Slain by a wolf spider

Skill      XL: |  1  2  3  4  5  6  7  8  9 10 11 12 13 14 15 16 |
---------------+-------------------------------------------------+-----
Long Blades    | 3 4 5 |  5.6
Shields        | 4 5 6 7 8 9 10 11 12 | 12.8
Fighting       | 4 5 6 7 8 9 10 12 | 12.7
Armour         | 4 5 6 7 8 9 10 11 13 14 | 14.9
Axes           | 1 4 7 9 10 12 15 18 19 | 19.1
Polearms       | 3 |  3.8
Bows           | 4 |  4.9
Throwing       | 1 5 6 7 8 |  8.0

Action                   |  1- 3 |  4- 6 |  7- 9 | 10-12 | 13-15 | 16-18 || total
-------------------------+-------+-------+-------+-------+-------+-------++-------
Melee: Long sword        |   112 |   164 |   254 |       |       |       ||   530
       Headbutt          |    17 |    27 |    71 |   133 |   174 |    17 ||   439
       Battleaxe         |       |       |    41 |   108 |       |       ||   149
       War axe           |       |       |       |   303 |       |       ||   303
       Broad axe         |       |       |       |   144 |   689 |    55 ||   888
Throw: Javelin           |       |       |       |     7 |     4 |       ||    11
Invok: Heroism           |       |       |     4 |     6 |     3 |     3 ||    16
 Abil: Evoke Flight      |       |       |       |     1 |       |       ||     1
  Use: Potion            |       |     1 |     5 |     4 |     1 |     3 ||    14
       Scroll            |       |       |    18 |     5 |    12 |     1 ||    36
  Eat: Chunk             |       |    10 |    13 |     7 |    16 |     1 ||    47
       Ration            |       |       |     2 |     3 |     1 |     1 ||     7
Armor: Scale mail        |    54 |    68 |   134 |   112 |       |       ||   368
       Crystal plate arm |       |       |       |   199 |   473 |    86 ||   758
Dodge: Dodged            |    41 |    56 |   129 |   148 |   114 |    23 ||   511
Block: Shield            |    53 |    95 |   172 |   213 |   215 |       ||   748
       Buckler           |       |       |       |       |   132 |    40 ||   172
       Rpst.: Long sword |     5 |     6 |    25 |       |       |       ||    36
